 Dungeon Crawl Stone Soup version 0.25-a0-161-gb7fd73da8f (webtiles) character file.

Game seed: 8746919051801134788, levelgen mode: deterministic

15361 vurker the Envoy of Void (level 12, -15/97 HPs)
             Began as a Formicid Abyssal Knight on Nov 21, 2019.
             Was a High Priest of Lugonu.
             Demolished by a minotaur
             ... wielding a +0 halberd
              (31 damage)
             ... in a Gauntlet.
             The game lasted 00:38:33 (14107 turns).

vurker the Envoy of Void (Formicid Abyssal Knight) Turns: 14107, Time: 00:38:33

Health: -15/97     AC: 15    Str: 28      XL:     12   Next: 56%
Magic:  22/22      EV: 11    Int:  8 (11) God:    Lugonu [*****.]
Gold:   955        SH: 11    Dex: 15      Spells: 11/11 levels left

rFire    . . .     SeeInvis +   H - +2 dire flail (holy)
rCold    . . .     Gourm    .   F - +0 shield
rNeg     . . .     Faith    .   q - +1 plate armour
rPois    +         Spirit   .   (helmet unavailable)
rElec    .         Reflect  .   u - +0 cloak
rCorr    .         Harm     .   x - +0 pair of gloves {archery}
MR       +....                  b - +0 pair of boots
Stlth    ..........             w - amulet of regeneration
HPRegen  0.66/turn              f - ring of stealth
MPRegen  0.18/turn              t - ring of poison resistance

@: mighty, agile, very slightly contaminated, lightly drained, invisible
A: permanent stasis, dig shafts and tunnels, four strong arms, antennae 3
a: Dig, Shaft Self, Depart the Abyss, Bend Space, Banish, Corrupt, Enter the
Abyss, Renounce Religion


You were in a Gauntlet.
You worshipped Lugonu.
Lugonu was extremely pleased with you.
You were not hungry.

You visited 2 branches of the dungeon, and saw 13 of its levels.
You visited the Abyss 1 time.
You also visited: Ossuary and Gauntlet.

You collected 955 gold pieces.

Inventory:

Hand Weapons
 a - a +1 flail of draining
   (You took it off Edmund on level 4 of the Dungeon)
 l - a +0 whip of freezing
   (You took it off Pikel on level 9 of the Dungeon)
 H - a +2 dire flail of holy wrath (weapon)
   (You found it in a Gauntlet)
 J - a +1 flail of crushing
   (You found it on level 2 of the Lair of Beasts)
 L - a +0 morningstar of holy wrath
   (You took it off a gargoyle in a Gauntlet)
Missiles
 j - 470 stones (quivered)
 k - 37 sling bullets
Armour
 b - a +0 pair of boots (worn)
   (You found it on level 3 of the Dungeon)
 q - a +1 plate armour (worn)
   (You found it on level 2 of the Dungeon)
 u - a +0 cloak (worn)
   (You found it on level 3 of the Dungeon)
 x - a +0 pair of gloves of archery (worn)
   (You found it on level 5 of the Dungeon)
 F - a +0 shield (worn)
   (You found it on level 10 of the Dungeon)
 I - the -3 pair of gloves of the Gusle {rElec rN+}
   (You found it in a Gauntlet)

   It insulates you from electricity.
   It protects you from negative energy.
Jewellery
 f - a ring of stealth (left hand)
   (You found it on level 2 of the Dungeon)
 t - a ring of poison resistance (right hand)
   (You found it in an ossuary)
 w - an amulet of regeneration (around neck)
   (You found it on level 5 of the Dungeon)
Wands
 v - a wand of digging (11)
   (You found it on level 2 of the Dungeon)
 z - a wand of enslavement (8)
   (You found it on level 6 of the Dungeon)
Scrolls
 d - 6 scrolls of magic mapping
 g - 2 scrolls of enchant armour
 i - 3 scrolls of remove curse
 s - 2 scrolls of immolation
 y - 3 scrolls of enchant weapon
 G - a scroll of fog
 K - a scroll of summoning {unknown}
 M - a scroll of fear
Potions
 c - 2 potions of might
 h - 3 potions of curing
 m - 3 potions of lignification
 n - 3 potions of cancellation
 o - 3 potions of mutation
 p - 2 potions of resistance
 B - 3 potions of agility
 C - 2 potions of ambrosia
Miscellaneous
 E - a lamp of fire (inert)
   (You found it on level 1 of the Lair of Beasts)
Comestibles
 e - 16 rations


   Skills:
 + Level 10.0(9.7) Fighting
 * Level 12.2(11.9) Maces & Flails
 - Level 2.1(1.9) Armour
 - Level 0.8(0.6) Dodging
 * Level 5.7(5.4) Shields
 * Level 13.6(13.2) Invocations


You had 11 spell levels left.
You didn't know any spells.
Your spell library contained the following spells:

 Spells                   Type           Power        Failure   Level  Hunger
 Animate Skeleton         Necr           N/A          100%        1    ##.....
 Apportation              Tloc           #.....       100%        1    ##.....
 Confusing Touch          Hex            #.....       100%        1    ##.....
 Corona                   Hex            #......      100%        1    ##.....
 Sandblast                Erth           #.....       100%        1    ##.....
 Summon Small Mammal      Summ           #...         100%        1    ##.....
 Ensorcelled Hibernation  Hex/Ice        #.....       100%        2    ###....
 Passwall                 Tmut/Erth      #.......     100%        2    ###....
 Confuse                  Hex            #.......     100%        3    ####...
 Dazzling Spray           Conj/Hex       #.....       100%        3    ####...
 Stone Arrow              Conj/Erth      #.....       100%        3    ####...
 Tukima's Dance           Hex            #.......     100%        3    ####...
 Petrify                  Tmut/Erth      #.......     100%        4    #####..
 Lee's Rapid Deconstruct  Erth           #.........   100%        5    ######.


Dungeon Overview and Level Annotations

Branches:
Dungeon (11/15)            Temple (0/1) D:6            Lair (2/6) D:8
    Orc (0/2) D:10        Ossuary (visited)         Gauntlet (1/1)
  Swamp: Lair:2-4    Shoals: Lair:2-4     Snake: Lair:2-4    Spider: Lair:2-4

Altars:
Ashenzari
Dithmenos
Elyvilon
Makhleb
Nemelex Xobeh
Qazlal
Ru
Vehumet

Shops:
D:7 !

Annotations:
D:2 2 transporters
Lair:1 3 runed translucent doors, Tenar's ghost, journeyman GrGl
Abyss:1 Sonja Gauntlet 6 transporters, exclusion: orange crystal statue


Innate Abilities, Weirdness & Mutations

You cannot be hasted, slowed, berserked, paralysed or teleported.
You can dig through walls and to a lower floor.
Your four strong arms can wield two-handed weapons with a shield.
You have a pair of large antennae on your head. (SInv)


Message History

* * * LOW HITPOINT WARNING * * *
The sling bullet freezes you.
* * * LOW HITPOINT WARNING * * *
You see here a sling bullet.
The minotaur shoots a sling bullet.
The sling bullet hits you!
* * * LOW HITPOINT WARNING * * *
The sling bullet freezes you.
* * * LOW HITPOINT WARNING * * *
You see here 2 sling bullets.
You feel much better.
The minotaur shoots a sling bullet.
You block the sling bullet.
The minotaur shoots a sling bullet.
Okay, then.
You extend your mandibles.
You can't dig through that.
Unknown command.
You flicker for a moment.
Okay, then.
Okay, then.
You feel better.
You flicker back into view.
You feel very mighty all of a sudden.
You fade into invisibility!
You feel agile all of a sudden.
The minotaur shoots a sling bullet.
You block the sling bullet.
You see here a sling bullet.
You hit the minotaur but do no damage.
The minotaur unwields a +3 fustibalus of freezing.
The minotaur wields a +0 halberd.
You block the minotaur's attack. The minotaur gores you.
You hit the minotaur but do no damage. You hit the minotaur but do no damage.
You block the minotaur's attack. The minotaur barely misses you.
You catch the helpless minotaur completely off-guard!
You puncture the minotaur!
The minotaur hits you with a +0 halberd!!
* * * LOW HITPOINT WARNING * * *
The minotaur misses you.
You catch the helpless minotaur completely off-guard!
You puncture the minotaur! You completely miss the minotaur.
You block the minotaur's attack. x2
You thump the minotaur!
The minotaur hits you with a +0 halberd!!
* * * LOW HITPOINT WARNING * * *
You block the minotaur's attack.
You impale the minotaur!!
You catch the helpless minotaur completely off-guard!
You puncture the minotaur!
The minotaur hits you with a +0 halberd!!
You die...

##≈.#.#.©..8#.#JJ=©.?.#.≈##
##.#########.#########.##
#≈.....................≈#
#≈≈≈#≈≈≈#..∩.⌠.∩..#≈≈≈#≈≈≈#
##≈###≈###.......###≈###≈##
## ################## ##
#.................
#.⌠.⌠.⌠.©.©H⌠.⌠.⌠.
#.......(.@.......
#########.######## #####.#
#.....# #.####### #.#.(.§.#
#.#.###H# #(#. #.# #(#. #.#


You could see a minotaur.

Vanquished Creatures
  An unseen horror (D:11)
  Pikel (D:9)
  A black mamba (Lair:1)
  A smoke demon (Gauntlet)
  A gargoyle (Gauntlet)
  A rime drake (Lair:1)
  A komodo dragon (Lair:1)
  A troll (D:11)
  A queen bee (D:11)
  Grinder (D:4)
  3 blink frogs (Lair:1)
  A hippogriff (D:10)
  Sigmund (D:4)
  A wyvern (D:9)
  10 yaks
  Grum (D:11)
  A basilisk (Lair:1)
  A steam dragon (D:8)
  A hungry ghost (D:8)
  Edmund (D:4)
  3 water moccasins
  3 porcupines
  An ice beast (D:6)
  2 orc warriors
  7 sky beasts
  5 wolves
  5 ogres
  2 necrophages
  7 centaurs
  A crocodile (Lair:1)
  A big kobold (D:11)
  10 bullfrogs
  3 scorpions
  16 killer bees (D:11)
  6 wights
  6 howler monkeys
  3 centaur zombies
  9 crimson imps
  4 hounds
  A quasit (D:11)
  4 jellies
  3 orc priests
  A bullfrog zombie (Ossuary)
  2 bullfrog skeletons
  5 orc wizards
  A centaur skeleton (D:4)
  Jessica (D:3)
  2 iguanas
  4 worker ants
  A killer bee zombie (Ossuary)
  2 hound zombies (Ossuary)
  3 hound skeletons
  17 mummies (Ossuary)
  2 howler monkey zombies (Ossuary)
  2 worker ant zombies
  A howler monkey skeleton (D:7)
  11 adders
  2 shadow imps
  3 oozes
  An adder zombie (Ossuary)
  An adder skeleton (D:4)
  A worm (D:4)
  4 dart slugs
  7 leopard geckos
  42 orcs
  2 ball pythons
  8 bats
  4 giant cockroaches
  5 goblins
  10 hobgoblins
  12 jackals
  13 kobolds
  6 quokkas
  6 frilled lizards
  2 leopard gecko zombies (Ossuary)
  A quokka skeleton (D:4)
  A quokka zombie (D:6)
  6 rats
325 creatures vanquished.

Vanquished Creatures (others)
  A hydra (D:10)
  A catoblepas (Gauntlet)
  A two-headed ogre (D:11)
  A gargoyle (Gauntlet)
  A komodo dragon (D:10)
  A troll (D:11)
  A vampire (D:11)
  An ogre (D:4)
  A plant (Lair:1)
  A withered plant (Ossuary)
10 creatures vanquished.

Grand Total: 335 creatures vanquished

Notes
Turn   | Place    | Note
-------+----------+-------------------------------------------
     0 | Abyss:1  | vurker the Formicid Abyssal Knight began the quest for the
                  | Orb.
     0 | Abyss:1  | Reached XP level 1. HP: 18/18 MP: 2/2
    27 | D:1      | Escaped the Abyss
   122 | D:1      | Reached XP level 2. HP: 12/24 MP: 3/3
   720 | D:1      | Reached XP level 3. HP: 29/29 MP: 4/4
  1392 | D:2      | Found a transporter.
  1392 | D:2      | Found a transporter.
  1394 | D:2      | Noticed a black bear
  1396 | D:2      | Found a white marble altar of Elyvilon.
  1415 | D:2      | Reached XP level 4. HP: 37/37 MP: 6/6
  1431 | D:2      | Reached ** piety under Lugonu
  1477 | D:2      | Reached skill level 3 in Invocations
  2084 | D:2      | Reached XP level 5. HP: 40/42 MP: 7/7
  2284 | D:2      | Found a faded altar of an unknown god.
  2699 | D:3      | Noticed Jessica
  2878 | D:3      | Reached XP level 6. HP: 32/49 MP: 8/8
  3010 | D:3      | Found a sacrificial altar of Ru.
  3199 | D:3      | Reached skill level 4 in Invocations
  3365 | D:3      | Killed Jessica
  3665 | D:3      | Reached *** piety under Lugonu
  3950 | D:4      | Noticed an ogre
  3958 | D:4      | Banished an ogre
  4056 | D:4      | Reached skill level 5 in Maces & Flails
  4089 | D:4      | Reached XP level 7. HP: 49/55 MP: 10/10
  4264 | D:4      | Reached skill level 5 in Fighting
  4551 | D:4      | Noticed Grinder
  4579 | D:4      | Killed Grinder
  4579 | D:4      | Reached skill level 5 in Invocations
  4841 | D:4      | Noticed Edmund
  4867 | D:4      | Killed Edmund
  4867 | D:4      | Reached skill level 6 in Invocations
  4867 | D:4      | Reached XP level 8. HP: 38/63 MP: 12/12
  5005 | D:4      | Noticed Sigmund
  5011 | D:4      | Killed Sigmund
  5120 | D:5      | Entered Level 5 of the Dungeon
  6073 | D:6      | Reached skill level 7 in Invocations
  6233 | D:6      | Reached XP level 9. HP: 47/69 MP: 14/14
  6345 | D:6      | Reached **** piety under Lugonu
  6396 | D:6      | Found a staircase to the Ecumenical Temple.
  6536 | D:6      | Found a shattered altar of Ashenzari.
  6539 | D:6      | Reached skill level 8 in Invocations
  6636 | D:6      | Found a radiant altar of Vehumet.
  6637 | D:6      | Found a burning altar of Makhleb.
  7614 | D:7      | Reached skill level 9 in Invocations
  7707 | D:7      | Found Mecuv's Distillery.
  7829 | D:7      | Found a stormy altar of Qazlal.
  7928 | D:8      | Found a staircase to the Lair.
  8144 | D:8      | Found a sand-covered staircase.
  8154 | Ossuary  | Entered an ossuary
  8205 | Ossuary  | Reached XP level 10. HP: 79/79 MP: 17/17
  8504 | Ossuary  | Reached ***** piety under Lugonu
  8564 | Ossuary  | Reached skill level 10 in Invocations
  8718 | D:8      | Found a shadowy altar of Dithmenos.
  9321 | D:9      | Noticed Pikel
  9348 | D:9      | Killed Pikel
  9604 | D:9      | Reached skill level 10 in Maces & Flails
  9604 | D:9      | Reached skill level 11 in Invocations
  9880 | D:9      | Found a sparkling altar of Nemelex Xobeh.
 10207 | D:10     | Entered Level 10 of the Dungeon
 10332 | D:10     | Found a staircase to the Orcish Mines.
 10375 | D:10     | Reached XP level 11. HP: 87/87 MP: 19/19
 10711 | D:10     | Reached skill level 1 in Shields
 10960 | D:10     | Noticed a five-headed hydra
 10961 | D:10     | Banished a five-headed hydra
 10961 | D:10     | Reached skill level 12 in Invocations
 11234 | D:11     | Noticed Grum
 11266 | D:11     | Killed Grum
 11949 | D:11     | Noticed a two-headed ogre
 11950 | D:11     | Banished a two-headed ogre
 11980 | D:11     | Noticed an unseen horror
 12009 | D:11     | Killed an unseen horror
 12244 | D:11     | Reached XP level 12. HP: 84/96 MP: 21/21
 12426 | Lair:1   | Entered Level 1 of the Lair of Beasts
 12545 | Lair:1   | Found a runed translucent gate.
 12546 | Lair:1   | Found a runed translucent gate.
 12547 | Lair:1   | Found a runed translucent gate.
 12572 | Lair:1   | Noticed Tenar's ghost (journeyman GrGl)
 12787 | Lair:1   | Reached skill level 13 in Invocations
 12835 | Lair:1   | Noticed Sonja
 12837 | Lair:1   | Banished Sonja
 13291 | Lair:1   | Reached skill level 5 in Shields
 13478 | Lair:2   | Found a gate leading to a gauntlet.
 13493 | Gauntlet | Entered a Gauntlet
 13493 | Gauntlet | Found a transporter.
 13493 | Gauntlet | Found a transporter.
 13501 | Gauntlet | Found a transporter.
 13506 | Gauntlet | Found a transporter.
 13513 | Gauntlet | Found a transporter.
 13517 | Gauntlet | Found a transporter.
 13525 | Gauntlet | Found a transporter.
 13541 | Gauntlet | Found a transporter.
 13558 | Gauntlet | Found a transporter.
 13559 | Gauntlet | Found a transporter.
 13567 | Gauntlet | Found a transporter.
 13571 | Gauntlet | Found a transporter.
 13595 | Gauntlet | Noticed a catoblepas
 13595 | Gauntlet | Noticed a death scarab
 13657 | Gauntlet | Noticed a death ooze
 13710 | Gauntlet | Banished a catoblepas
 13715 | Gauntlet | Reached skill level 10 in Fighting
 13842 | Gauntlet | Noticed a wizard
 13965 | Gauntlet | Got a pair of bloodstained gloves
 13980 | Gauntlet | Identified the cursed -3 pair of gloves of the Gusle {rElec
                  | rN+} (You found it in a Gauntlet)
 14021 | Gauntlet | Noticed a minotaur
 14107 | Gauntlet | Demolished by a minotaur

Levels and vault maps discovered:
D:1:      dpeg_arrival_snail, layout_basic, serial_park_tiny_pond
D:2:      layout_rooms, gammafunk_temple_overflow_arena,
          chequers_ecumenical_altar_twisty
D:3:      layout_basic, lemuel_round_altar, kennysheep_jessica_study
D:4:      layout_rooms, first_ration, eino_curves_04, sigmund_edmund_badplayer,
          uniq_grinder
D:5:      layout_loops_ring, kennysheep_nondescript
D:6:      layout_rooms, grunt_temple_overflow_lords_of_destruction,
          kennysheep_little_box, minmay_temple_entry_nine_rooms
D:7:      layout_loops_corners, nicolae_qazlal_eye_of_the_storm, serial_shops,
          nicolae_shop_crystal
D:8:      layout_rooms, grunt_dithmenos_smoke, lair_entry_dummy,
          nicolae_ossuary_entry_ruins
D:9:      layout_layer_cave, nemelex_xobeh_ov_fountains_minmay, uniq_pikel
D:10:     layout_basic, orc_david_3
D:11:     layout_roguey, enter_bailey_2, david_nohive_1, uniq_grum
Lair:1:   layout_chaotic_city, gammafunk_ghost_icy, beast_lair_carwin_6,
          lemuel_fruit_fields, uniq_sonja
Lair:2:   layout_layer_cave, gauntlet_entry_generic, serial_bayou_pond_e,
          grunt_megastairs_4
Gauntlet: minmay_gauntlet_77_indecision [minmay_gauntlet_arena_77_p_blocks,
          minmay_gauntlet_arena_77_double_cross,
          minmay_gauntlet_arena_77_broken_ladder,
          minmay_gauntlet_arena_77_hold_the_fort,
          minmay_gauntlet_arena_77_squiggly, minmay_gauntlet_arena_77_mirror,
          gauntlet_exit_spiral]

Skill      XL: |  1  2  3  4  5  6  7  8  9 10 11 12 |
---------------+-------------------------------------+-----
Maces & Flails | 3 4 5 6 7 8 10 11 12 | 12.2
Invocations    | 3 4 6 7 9 11 12 13 | 13.6
Fighting       | 4 5 6 7 8 9 10 | 10.0
Shields        | 3 5 |  5.7
Armour         | |  2.1
Dodging        | |  0.8

Action                   |  1- 3 |  4- 6 |  7- 9 | 10-12 || total
-------------------------+-------+-------+-------+-------++-------
Melee: Mace              |    82 |   217 |    95 |       ||   394
       Flail             |       |       |   375 |   910 ||  1285
       Dire flail        |       |       |       |    12 ||    12
Throw: Stone             |       |    15 |     6 |       ||    21
Invok: Banish            |       |     1 |       |    12 ||    13
       Bend Space        |       |       |       |     6 ||     6
 Abil: Dig               |       |     8 |    10 |    18 ||    36
Evoke: Lamp of fire      |       |       |       |     1 ||     1
       Phantom mirror    |       |       |       |     1 ||     1
  Use: Scroll            |       |    13 |     6 |    11 ||    30
       Potion            |       |       |       |     8 ||     8
 Stab: Sleeping          |       |     1 |       |       ||     1
       Distracted        |       |       |       |     1 ||     1
       Invisible         |       |       |       |     3 ||     3
  Eat: Chunk             |     2 |     8 |    12 |    17 ||    39
       Ration            |       |       |     7 |     3 ||    10
Armor: Leather armour    |    20 |    15 |       |       ||    35
       Plate armour      |       |   153 |   328 |   450 ||   931
       Skin              |       |       |       |     4 ||     4
Dodge: Dodged            |    70 |    86 |   128 |   135 ||   419
Block: Shield            |       |       |       |   225 ||   225

Table legend:
 A = Non-vault XP
 B = Vault XP
 C = Vault XP percentage of total XP
 D = Non-vault monster count
 E = Vault monster count
 F = Vault count percentage of total count
                 A         B        C        D         E       F
            +---------+---------+-------+---------+---------+-------
      Total |   14769 |    7176 |  32.7 |     259 |      75 |  22.5
            +---------+---------+-------+---------+---------+-------
        D:1 |      56 |       0 |   0.0 |      24 |       0 |   0.0
        D:2 |     101 |       0 |   0.0 |      22 |       0 |   0.0
        D:3 |     195 |      39 |  16.7 |      29 |       2 |   6.5
        D:4 |     281 |     666 |  70.3 |      17 |       3 |  15.0
        D:5 |     126 |       0 |   0.0 |      13 |       0 |   0.0
        D:6 |     831 |      46 |   5.2 |      24 |       1 |   4.0
        D:7 |    1002 |       0 |   0.0 |      21 |       0 |   0.0
        D:8 |    1107 |       0 |   0.0 |      17 |       0 |   0.0
        D:9 |    1699 |     673 |  28.4 |      17 |       1 |   5.6
       D:10 |    2563 |      12 |   0.5 |      30 |       4 |  11.8
       D:11 |    3712 |    1719 |  31.7 |      29 |      20 |  40.8
     Lair:1 |    2215 |    1633 |  42.4 |       9 |       8 |  47.1
     Lair:2 |     881 |       0 |   0.0 |       7 |       0 |   0.0
    Ossuary |       0 |     710 | 100.0 |       0 |      29 | 100.0
   Gauntlet |       0 |    1678 | 100.0 |       0 |       7 | 100.0
            +---------+---------+-------+---------+---------+-------
